 Dungeon Crawl Stone Soup version 0.30-a0-989-g0d87f670db (webtiles) character file.

Game seed: 1253186751991798804

49 DeathPants the Trooper (level 3, -3/20 HPs)
             Began as a Vine Stalker Fighter on Apr 2, 2023.
             Slain by a gnoll
             ... wielding a +0 flail
              (9 damage)
             ... on level 2 of the Dungeon.
             The game lasted 00:04:23 (1256 turns).

DeathPants the Trooper (Vine Stalker Fighter)       Turns: 1256, Time: 00:04:23

Health: -3/20      AC:  6    Str: 18    XL:     3   Next: 75%
Magic:  0/5        EV:  9    Int: 10    God:
Gold:   12         SH:  0    Dex: 13    Spells: 2/4 levels left

rFire   . . .      SeeInvis .    a - +0 flail
rCold   . . .      Faith    .    (no shield)
rNeg    . . .      Spirit   +    b - +0 scale mail
rPois   .          Reflect  .    (no helmet)
rElec   .          Rampage  .    (no cloak)
rCorr   .                        (no gloves)
Will    .....                    (no boots) Stlth
                                 (no amulet)
HPRegen 0.23/turn                (no ring)
MPRegen 0.09/turn                (no ring)

@: mighty
A: fangs 2, magic shield, antimagic bite, no potion heal 2
a: no special abilities


You were on level 2 of the Dungeon.
You visited 1 branch of the dungeon, and saw 2 of its levels.

You collected 40 gold pieces.
You spent 28 gold pieces at shops.

Inventory:

Hand Weapons
 a - a +0 flail (weapon)
Armour
 b - a +0 scale mail (worn)
 c - a +0 buckler


   Skills:
 + Level 3.1 Fighting
 * Level 2.7 Maces & Flails
 - Level 2.4 Armour
 - Level 2.6 Shields
 + Level 1.3 Spellcasting
 + Level 0.3 Transmutations


You had 2 spell levels left.
You knew the following spells:

 Your Spells              Type           Power      Damage    Failure   Level
a - Wereblood             Tmut           1%         N/A       82%         2

Your spell library contained the following spells:

 Spells                   Type           Power      Damage    Failure   Level
 Beastly Appendage        Tmut           2%         N/A       67%         1
 Freeze                   Ice            0%         1d3       73%         1
 Magic Dart               Conj           0%         1d3       73%         1
 Call Imp                 Summ           0%         N/A       86%         2
 Frozen Ramparts          Ice            0%         1d1       97%         3
 Hailstorm                Conj/Ice       0%         3d3       97%         3
 Ignite Poison            Fire/Tmut/Pois 0%         N/A       97%         3
 Mephitic Cloud           Conj/Pois/Air  0%         N/A       97%         3
 Spider Form              Tmut/Pois      0%         N/A       97%         3
 Sticky Flame             Conj/Fire      0%         2d3       100%        4
 Ignition                 Fire           0%         3d3       100%        8


Dungeon Overview and Level Annotations

Branches:
Dungeon (2/15)

Altars:

Shops:
D:1 ?


Innate Abilities, Weirdness & Mutations

You have extremely sharp teeth.
When hurt, damage is shared between your health and your magic reserves.
Your bite disrupts and absorbs the magic of your enemies.
Potions cannot restore your health.


Message History

You climb downwards.
There is a stone staircase leading up here.
Found a ring mail.
You see here a +0 ring mail. 3 gnolls come into view.
The gnoll shouts! x2
The gnoll moves out of view.
A gnoll comes into view. It is wielding a +0 flail.
The gnoll shouts!
The gnoll hits you with a +0 spear.
You hit the gnoll.
The gnoll is moderately wounded.
The gnoll hits you but does no damage.
You barely miss the gnoll. You bite the gnoll. You drain its power.
The gnoll is heavily wounded.
The gnoll hits you but does no damage.
You hit the gnoll. You bite the gnoll, but do no damage.
The gnoll is lightly wounded.
The gnoll completely misses you. The gnoll hits you with a +0 whip.
You thump the gnoll! Your bite misses the gnoll.
The gnoll is severely wounded.
The gnoll hits you with a +0 whip. The gnoll closely misses you.
You hit the gnoll.
You kill the gnoll!
The gnoll hits you from afar with a +0 spear.
You barely miss the gnoll. Your bite misses the gnoll.
The gnoll barely misses you. The gnoll closely misses you. x2
The gnoll hits you but does no damage.
You barely miss the gnoll. You bite the gnoll, but do no damage.
The gnoll hits you from afar with a +0 spear.
The gnoll barely misses you.
You sock the gnoll! Your bite misses the gnoll.
The gnoll is heavily wounded.
The gnoll hits you with a +0 flail!
* * * LOW HITPOINT WARNING * * *
The gnoll hits you but does no damage.
You aren't carrying any scrolls.
You feel very mighty all of a sudden. The gnoll barely misses you.
The gnoll hits you with a +0 flail!
You die... ... #.# ..###.### .......## ....... ..... .gg

#g#
############@#
#............#
#.#####..#####
#.# #......#
#.# #.####.#
#.# #.# #[#
#.# #.#####.#
#...#...#


You could see 3 gnolls.

Vanquished Creatures
  A gnoll (D:2)
  An adder (D:2)
  2 dart slugs (D:1)
  4 endoplasms (D:1)
  4 goblins
  A kobold (D:1)
  4 ball pythons (D:1)
  4 bats (D:1)
  3 frilled lizards (D:1)
  2 rats (D:1)
26 creatures vanquished.

Notes
Turn   | Place    | Note
-------+----------+-------------------------------------------
     0 | D:1      | DeathPants the Vine Stalker Fighter began the quest for the
                  | Orb.
     0 | D:1      | Reached XP level 1. HP: 11/11 MP: 2/2
   195 | D:1      | Reached XP level 2. HP: 16/16 MP: 3/3
   485 | D:2      | Reached skill level 3 in Fighting
   485 | D:2      | Reached skill level 1 in Spellcasting
   485 | D:2      | Reached XP level 3. HP: 6/20 MP: 5/5
   572 | D:1      | Learned a level 2 spell: Wereblood
   851 | D:1      | Found The Oracle's Delphic Readings.
   900 | D:1      | Bought a scroll of identify for 28 gold pieces
  1256 | D:2      | Slain by a gnoll

Illustrated notes

Levels and vault maps discovered:
D:1:      onia_arrival_mini_spirals, layout_basic, nicolae_nh_oracle_at_delphi
D:2:      layout_basic, minmay_misc_feat_tiny

Skill      XL: |  1  2 |
---------------+-------+-----
Maces & Flails | 2 |  2.7
Fighting       | 3 |  3.1
Spellcasting   | 1 |  1.3
Armour         | |  2.4
Shields        | |  2.6
Transmutations | |  0.3

Action                     || total
---------------------------++-------
  Melee: Flail             ||    78
         Bite              ||    18
    Use: Scroll            ||     4
         Potion            ||     1
 Armour: Scale mail        ||    48
  Dodge: Dodged            ||    43

Table legend: (Time is in decaauts)
 A = Elapsed time spent in this place.
 B = Non-inter-level travel time spent in this place.
 C = Inter-level travel time spent in this place.
 D = Time resting spent in this place.
 E = Time spent auto-exploring this place.
 F = Levels seen in this place.
 G = Mean time per level.
                   A        B        C        D        E       F      G
               +--------+--------+--------+--------+--------+-----+--------+
         Total |   1279 |   1265 |     14 |    100 |    873 |   2 |  639.5 |
       Dungeon |   1279 |   1265 |     14 |    100 |    873 |   2 |  639.5 |
               +--------+--------+--------+--------+--------+-----+--------+

Top non-repeatable levels by time:
     D:1: 1199 daAuts
     D:2: 80 daAuts
